 Dungeon Crawl Stone Soup version 0.17.0-56-gd8de76c (console) character file.

319 Kloppie the Conjurer (level 6, -3/32 HPs)
             Began as a Gargoyle Conjurer on Dec 6, 2015.
             Slain by Grinder (5 damage)
             ... while paralysed by Grinder
             ... on level 3 of the Dungeon.
             The game lasted 00:07:31 (3357 turns).

Kloppie the Conjurer (Gargoyle Conjurer)            Turns: 3357, Time: 00:07:31

Health: -3/32      AC:  7    Str: 12    XL:     6   Next: 46%
Magic:  5/10       EV:  2    Int: 17    God:
Gold:   90         SH:  0    Dex: 10    Spells: 3 memorised, 3 levels left

rFire  . . .     SeeInvis .     e - +1 dagger (elec)
rCold  . . .     Clarity  .     a - +0 robe
rNeg   + . .     SustAt   .     (no shield)
rPois  ∞         Gourm    .     o - +0 helmet
rElec  +         Spirit   .     (no cloak)
rCorr  .         Warding  .     (no gloves)
rMut   .         Stasis   .     (no boots)
MR     .....                    (no amulet)
Stlth  ++........               (no ring)
                                (no ring)

@: paralysed, not resistant to hostile enchantments, unstealthy
A: negative energy resistance 1, electricity resistance, unbreathing,
petrification resistance, rot immunity, AC +4
a: no special abilities


You were on level 3 of the Dungeon.
You were not hungry.

You visited 1 branch of the dungeon, and saw 4 of its levels.

You collected 90 gold pieces.

Inventory:

Hand Weapons
 e - a +1 dagger of electrocution (weapon)
Armour
 a - a +0 robe (worn)
 o - a +0 helmet (worn)
Jewellery
 l - an uncursed ring of ice {unknown}
Wands
 t - a wand of slowing (25)
Scrolls
 d - 2 scrolls of remove curse {unknown}
 h - 5 scrolls of identify {unknown}
 k - 2 scrolls of teleportation {unknown}
 m - a scroll of blinking {unknown}
 n - 2 scrolls of fog {unknown}
 s - a scroll of magic mapping {unknown}
Potions
 g - 2 potions of haste {unknown}
 i - 4 potions of curing {unknown}
 r - 2 potions of invisibility {unknown}
Books
 b - a book of Conjurations

   Spells                             Type                      Level
   a - Magic Dart                     Conjuration                  1
   b - Searing Ray                    Conjuration                  2
   c - Dazzling Spray                 Conjuration/Hexes            3
   d - Fulminant Prism                Conjuration/Hexes            4
   e - Iskenderun's Mystic Blast      Conjuration                  4
   f - Iskenderun's Battlesphere      Conjuration/Charms           5
Comestibles
 c - 4 bread rations
 f - 3 meat rations
 j - a royal jelly
 p - 7 chunks of flesh
 q - a beef jerky


   Skills:
 - Level 1.5 Dodging
 - Level 2.1 Stealth
 - Level 2.9 Spellcasting
 + Level 6.5 Conjurations
 + Level 3.2 Hexes


You had 3 spell levels left.
You knew the following spells:

 Your Spells              Type           Power        Failure   Level  Hunger
a - Magic Dart            Conj           ###.         1%          1    None
b - Searing Ray           Conj           ###...       1%          2    ##.....
c - Fulminant Prism       Conj/Hex       ###.......   24%         4    ####...


Dungeon Overview and Level Annotations

Branches:
Dungeon (4/15)
 Temple: D:4-7

Altars:
Dithmenos
Qazlal
Sif Muna

Annotations:
D:3 Grinder
D:4 Qwertycoatl's ghost, amateur MiFi


Innate Abilities, Weirdness & Mutations

You are resistant to torment.
Your stone body is resilient (AC +4).
You are immune to poison.
You resist negative energy.
You are resistant to electric shocks.
You can survive without breathing.
You are immune to petrification.
You are immune to rotting.


Message History

Press: ? - help, Shift-Dir - straight line, f - Grinder
Aim: Grinder The searing ray misses Grinder.
Grinder hits you.
* * * LOW HITPOINT WARNING * * *
The searing ray misses Grinder.
Grinder hits you but does no damage.
The searing ray hits Grinder.
Grinder is lightly wounded.
Grinder barely misses you.
The searing ray hits Grinder.
Grinder is moderately wounded.
Grinder says, "What is the universe for?"
Grinder gestures at you.
You suddenly lose the ability to move!
Grinder hits you!
* * * LOW HITPOINT WARNING * * *
Grinder hits you.
* * * LOW HITPOINT WARNING * * *
Grinder says, "I used to sell toenails on the black market."
Grinder hits you.
You die...

..#.(.#........# #...........
..#.#5#.#.###### #...........
..#.#...#.# ###########......
..#.#.###.# #.....# #######
..#<......# #.....#
..#.#.###########...(.###########
..#.#>§)......................(..
..#.#############5....###.#######
..#..)......#...@.......#.#......
............#.###.....#.#.#......
#.........)....########.#.#......
........................#.#......
########################........#
............................)...#
#####..§################........#
#...# #...........#.........
#...# #...............##....


You could see Grinder.

Vanquished Creatures
  Ijyb (D:3)
  2 orc wizards (D:4)
  2 iguanas
  A worker ant (D:4)
  8 adders
  A worm (D:2)
  A giant gecko (D:3)
  11 orcs
  3 ball pythons
  4 giant cockroaches
  10 goblins
  8 hobgoblins
  4 jackals (D:4)
  3 kobolds
  2 quokkas (D:2)
  10 bats
  5 giant newts
  12 rats
88 creatures vanquished.

Notes
Turn   | Place    | Note
--------------------------------------------------------------
     0 | D:1      | Kloppie the Gargoyle Conjurer began the quest for the Orb.
     0 | D:1      | Reached XP level 1. HP: 10/10 MP: 3/3
   180 | D:1      | Reached XP level 2. HP: 9/15 MP: 5/5
   187 | D:1      | Learned a level 2 spell: Searing Ray
   748 | D:1      | Reached skill level 5 in Conjurations
   785 | D:1      | Reached XP level 3. HP: 19/19 MP: 6/6
  1061 | D:2      | Found a shadowy altar of Dithmenos.
  1179 | D:2      | Reached XP level 4. HP: 18/24 MP: 8/8
  1265 | D:2      | Found a stormy altar of Qazlal.
  1282 | D:2      | Learned a level 4 spell: Fulminant Prism
  1586 | D:3      | Reached skill level 1 in Hexes
  1771 | D:3      | Found a faded altar to an unknown god.
  1811 | D:3      | Reached XP level 5. HP: 28/28 MP: 9/9
  1906 | D:3      | Noticed Ijyb
  1946 | D:3      | Found a deep blue altar of Sif Muna.
  2174 | D:3      | Found a glowing drain.
  2526 | D:3      | Killed Ijyb
  2526 | D:3      | Reached skill level 6 in Conjurations
  2624 | D:3      | Noticed Grinder
  2629 | D:3      | Paralysed by Grinder for 2 turns
  2762 | D:4      | Reached XP level 6. HP: 10/32 MP: 2/10
  3305 | D:4      | Noticed Qwertycoatl's ghost (amateur MiFi)
  3354 | D:3      | Paralysed by Grinder for 6 turns
  3356 | D:3      | HP: 1/32 [Grinder (6)]
  3357 | D:3      | Slain by Grinder

Action                   |  1- 3 |  4- 6 || total
-------------------------+-------+-------++-------
Melee: Dagger            |    93 |   174 ||   267
       Unarmed           |    15 |       ||    15
 Cast: Magic Dart        |     8 |    11 ||    19
       Searing Ray       |     1 |    12 ||    13
 Stab: Sleeping          |     2 |     3 ||     5
  Eat: Chunk             |     1 |     8 ||     9
